 Dungeon Crawl Stone Soup version 0.29-a0-338-g1ff7896281 (webtiles) character file.

Game seed: 1091417636635043355

716 kevlar127 the Ruffian (level 7, -4/105 HPs)
             Began as a Troll Berserker on Apr 18, 2022.
             Was a Believer of Trog.
             Slain by a kobold brigand
             ... wielding a +0 whip
              (9 damage)
             ... on level 5 of the Dungeon.
             The game lasted 00:24:27 (2600 turns).

kevlar127 the Ruffian (Troll Berserker)             Turns: 2600, Time: 00:24:27

Health: -4/105     AC:  4    Str: 28    XL:     7   Next: 41%
Magic:  6/6        EV:  7    Int:  3    God:    Trog [**....]
Gold:   293        SH: 11    Dex:  9    Spells: 6/6 levels left

rFire   + . .      SeeInvis .     - Unarmed
rCold   . . .      Faith    .   b - +0 tower shield {rF+}
rNeg    . . .      Spirit   .   a - +0 animal skin
rPois   .          Reflect  .   (helmet restricted)
rElec   .          Harm     .   (no cloak)
rCorr   .          Rampage  .   (gloves unavailable)
Will    +....                   (boots unavailable)
Stlth   ..........              (no amulet)
HPRegen 1.07/turn               n - ring of willpower
MPRegen 0.10/turn               (no ring)

@: berserking, slowed
A: large, unfitting armour, claws 3, regeneration 1, shaggy fur 1, tough skin 1
a: Renounce Religion, Berserk, Trog's Hand


You were on level 5 of the Dungeon.
You worshipped Trog.
Trog was pleased with you.
You visited 1 branch of the dungeon, and saw 5 of its levels.
You also visited: Sewer.

You collected 293 gold pieces.

Inventory:

Missiles
 e - 69 stones (quivered)
 u - 14 poisoned darts
 z - 3 boomerangs
 A - a curare-tipped dart
 B - 5 datura-tipped darts
Armour
 a - a +0 animal skin (worn)
 b - a +0 tower shield of fire resistance (worn)
Jewellery
 n - a ring of willpower (left claw)
Wands
 r - a wand of flame (28)
Scrolls
 d - a scroll of vulnerability
 j - a scroll of noise
 m - a scroll of holy word
 p - a scroll of fog
 q - a scroll of teleportation
 t - a scroll of silence
 v - a scroll of acquirement {unknown}
 y - a scroll of fear
Potions
 c - a potion of haste
 f - a potion of cancellation {unknown}
 g - 5 potions of ambrosia
 h - 2 potions of curing
 k - a potion of attraction
 l - 4 potions of flight
 o - 2 potions of heal wounds
 s - a potion of might {unknown}
 w - a potion of invisibility
 x - a potion of mutation {unknown}


   Skills:
 + Level 4.2 Fighting
 + Level 3.4 Throwing
 - Level 2.6 Dodging
 + Level 2.8 Shields
 + Level 5.1 Unarmed Combat


You had 6 spell levels left.
You didn't know any spells.
Your spell library contained the following spells:

 Spells                   Type           Power      Damage    Failure   Level
 Gell's Gravitas          Tloc           0%         N/A       100%        3
 Lesser Beckoning         Tloc           0%         N/A       100%        3
 Teleport Other           Tloc           0%         N/A       100%        3


Dungeon Overview and Level Annotations

Branches:
Dungeon (5/15)             Temple (0/1) D:5           Sewer (visited)

Altars:
Sif Muna
Vehumet
Beogh


Innate Abilities, Weirdness & Mutations

You are too large for most types of armour.
You have claws for hands.
Your natural rate of healing is unusually fast.
You are covered in fur. (AC +1)
You have tough skin. (AC +1)


Message History

You block the black bear's attack. The black bear barely misses you.
You block the black bear's attack.
The black bear claws you but does no damage.
Throw: 69 stones
Press: ? - help, Q - select action, (/) - cycle Shift-Dir - straight line, f - kobold brigand
Aim: a kobold brigand, wielding a +0 whip and quivering curare-tipped darts (lightly wounded, 50% to hit)
Okay, then.
A red film seems to cover your vision as you go berserk!
You feel yourself moving faster!
You feel mighty!
You feel sick.
The black bear bites you but does no damage.
The black bear claws you. x2; The black bear barely misses you.
The black bear claws you. x2
You claw the black bear!
You kill the black bear!
Trog accepts your kill.
You feel sick.
The kobold brigand throws a curare-tipped dart.
You block the curare-tipped dart.
The ogre hits you with a +0 giant club!!
* * * LOW HITPOINT WARNING * * *
Your Unarmed Combat skill increases to level 5!
You claw the ogre!
The ogre is almost dead.
You feel sick.
You mangle the ogre!!
You kill the ogre!
Trog accepts your kill.
You feel sick.
You are no longer poisoned.
You closely miss the kobold brigand.
The kobold brigand is lightly wounded.
The kobold brigand closely misses you.
You closely miss the kobold brigand.
The kobold brigand is lightly wounded.
The kobold brigand hits you with a +0 whip.
* * * LOW HITPOINT WARNING * * *
You mangle the kobold brigand!!
The kobold brigand is almost dead.
The kobold brigand hits you with a +0 whip!
You die...

### ..# #.# #.# #.# ####
#.# ####...##.#
.......K@.###############
#####..##>...............
#.#. ################# #(
.# #$ .# #! (# . !# .#


You could see a kobold brigand.

Vanquished Creatures
  A black bear (D:5)
  2 ogres
  2 kobold brigands (Sewer)
  Blork the orc (D:5)
  A hound (D:4)
  A jelly (D:5)
  2 orc priests
  A statue (D:4)
  6 adders
  A worm (D:4)
  3 dart slugs
  7 orcs
  4 endoplasms
  2 giant cockroaches
  2 goblins
  5 hobgoblins
  5 kobolds
  4 quokkas
  3 ball pythons
  4 bats
  2 frilled lizards (D:2)
  6 rats
65 creatures vanquished.

Notes
Turn   | Place    | Note
-------+----------+-------------------------------------------
     0 | D:1      | kevlar127 the Troll Berserker began the quest for the Orb.
     0 | D:1      | Reached XP level 1. HP: 22/22 MP: 0/0
   164 | D:1      | Reached XP level 2. HP: 23/29 MP: 1/1
   422 | D:2      | Found a shimmering blue altar of Sif Muna.
   531 | D:2      | Found a faded altar of an unknown god.
   650 | D:2      | Reached XP level 3. HP: 36/36 MP: 2/2
   840 | D:2      | Reached skill level 1 in Throwing
   989 | D:2      | Reached ** piety under Trog
  1283 | D:3      | You fall into a shaft and drop 1 floor!
  1289 | D:4      | Reached XP level 4. HP: 21/45 MP: 3/3
  1434 | D:4      | Found a glowing drain.
  1452 | D:4      | Reached skill level 1 in Shields
  1455 | D:4      | Reached skill level 4 in Unarmed Combat
  1455 | D:4      | Reached XP level 5. HP: 46/53 MP: 4/4
  1461 | Sewer    | Entered a sewer
  1559 | Sewer    | Reached XP level 6. HP: 24/61 MP: 5/5
  1613 | Sewer    | Found a white marble altar of Elyvilon.
  1781 | D:4      | Found a radiant altar of Vehumet.
  2258 | D:5      | Entered Level 5 of the Dungeon
  2274 | D:5      | Found a staircase to the Ecumenical Temple.
  2501 | D:5      | Noticed Blork the orc
  2507 | D:5      | Killed Blork the orc
  2508 | D:5      | Reached XP level 7. HP: 70/70 MP: 6/6
  2596 | D:5      | Reached skill level 5 in Unarmed Combat
  2599 | D:5      | HP: 3/105 [kobold brigand/+0 whip (6)]
  2600 | D:5      | Slain by a kobold brigand

Illustrated notes

Levels and vault maps discovered:
D:1:      wander_arrival_chamber, layout_rooms
D:2:      layout_basic, basic_altar, dreamdust_ecumenical_altar_statues
D:3:      layout_basic
D:4:      layout_cave_pools, vehumet_statue, gup_sewer_entry_glass,
          kennysheep_orc_chapel
D:5:      layout_basic, minmay_temple_entry_waves, minmay_circle_x,
          uniq_blork_the_orc

Skill      XL: |  1  2  3  4  5  6  7 |
---------------+----------------------+-----
Throwing       | 1 2 3 |  3.4
Fighting       | 3 4 |  4.2
Shields        | 1 2 |  2.8
Unarmed Combat | 4 5 |  5.1
Dodging        | |  2.6

Action                   |  1- 3 |  4- 6 |  7- 9 || total
-------------------------+-------+-------+-------++-------
Melee: Unarmed           |    82 |    89 |     8 ||   179
Throw: Dart              |       |     8 |       ||     8
       Stone             |       |     4 |       ||     4
       Javelin           |       |     2 |     3 ||     5
Invok: Trog's Hand       |     1 |     2 |       ||     3
       Berserk           |       |       |     1 ||     1
  Use: Potion            |     2 |     2 |       ||     4
       Scroll            |     6 |     3 |       ||     9
Armor: Animal skin       |    33 |    27 |     2 ||    62
Dodge: Dodged            |    34 |    21 |     5 ||    60
Block: Tower shield      |     1 |    47 |     5 ||    53

Table legend: (Time is in decaauts)
 A = Elapsed time spent in this place.
 B = Non-inter-level travel time spent in this place.
 C = Inter-level travel time spent in this place.
 D = Time resting spent in this place.
 E = Time spent auto-exploring this place.
 F = Levels seen in this place.
 G = Mean time per level.
                   A        B        C        D        E       F      G
               +--------+--------+--------+--------+--------+-----+--------+
         Total |   2639 |   2570 |     69 |    279 |   1695 |   6 |  439.8 |
       Dungeon |   2410 |   2341 |     69 |    242 |   1579 |   5 |  482.0 |
         Sewer |    229 |    229 |      0 |     37 |    116 |   1 |  229.0 |
               +--------+--------+--------+--------+--------+-----+--------+

Top non-repeatable levels by time:
     D:4: 787 daAuts
     D:2: 669 daAuts
     D:1: 420 daAuts
     D:5: 344 daAuts
   Sewer: 229 daAuts
     D:3: 187 daAuts
